 Dungeon Crawl Stone Soup version 0.26-a0-1040-gbe3abf3417 (webtiles) character file.

Game seed: 7122590331926125362

1 Shayle the Grave Robber (level 1, 0/14 HPs)
             Began as a Palentonga Necromancer on Dec 12, 2020.
             Slain by a jackal (2 damage)
             ... on level 1 of the Dungeon.
             The game lasted 00:00:32 (89 turns).

Shayle the Grave Robber (Palentonga Necromancer)      Turns: 89, Time: 00:00:33

Health: 0/14       AC:  4    Str: 11    XL:     1   Next: 16%
Magic:  3/3        EV: 10    Int: 15    God:
Gold:   0          SH:  0    Dex: 10    Spells: 3/4 levels left

rFire    . . .     SeeInvis +   (no weapon)
rCold    . . .     Faith    .   (no shield)
rNeg     . . .     Spirit   .   a - +0 robe
rPois    .         Reflect  .   (no helmet)
rElec    .         Harm     .   (no cloak)
rCorr    .         Rampage  .   (no gloves)
Will     .....                  (no barding)
Stlth    +.........             (no amulet)
HPRegen  0.04/turn              (no ring)
MPRegen  0.08/turn              (no ring)

@: no status effects
A: large, rugged brown scales 3, see invisible, deformed body, roll 1, armoured
tail
a: Rolling Charge


You were on level 1 of the Dungeon.
You visited 1 branch of the dungeon, and saw 1 of its levels.

Inventory:

Armour
 a - a +0 robe (worn)
Scrolls
 b - a scroll of remove curse {unknown}


   Skills:
 + Level 0.2 Fighting
 + Level 1.6 Dodging
 - Level 1.2 Stealth
 - Level 2.0 Spellcasting
 - Level 4.0 Necromancy


You had 3 spell levels left.
You knew the following spells:

 Your Spells              Type           Power        Failure   Level
a - Pain                  Necr           ##..         4%          1

Your spell library contained the following spells:

 Spells                   Type           Power        Failure   Level
 Animate Skeleton         Necr           ##....       4%          1
 Vampiric Draining        Necr           ##........   13%         3
 Animate Dead             Necr           ##........   38%         4
 Agony                    Necr           ##......     75%         5


Dungeon Overview and Level Annotations

Branches:
Dungeon (1/15)

Altars:


Innate Abilities, Weirdness & Mutations

You are completely covered in rugged brown scales. (AC +3, +7% HP)
You have supernaturally acute eyesight. (SInv)
Armour fits poorly on your strangely shaped body.
You can roll at nearby foes to attack.
You have a long armoured tail.


Message History

The jackal bites you but does no damage.
The hobgoblin closely misses you. The jackal closely misses you.
The bat hits you but does no damage. x2
You hit the bat. You tail-slap the bat.
You kill the bat!
The bat hits you but does no damage. The rat bites you but does no damage.
The jackal bites you.
* * * LOW HITPOINT WARNING * * *
A goblin comes into view. It is wielding a +0 club.
The kobold throws a stone.
The stone hits you but does no damage. The jackal closely misses you.
Found a scroll labelled IGIEDE UTIACOATAW.
You see here a stone.
The jackal barely misses you.
The jackal bites you but does no damage.
The jackal closely misses you.
The jackal bites you but does no damage.
The jackal barely misses you. The jackal bites you.
You die...

#.#..!..!....# ..P....
#K#..........# .....#
..#r.w.####.## ##...# #.....
.......# #.# ##...# #.. ......
#......####.## ##...# ..#......
#.l....##....###...## ?........
#r.....##.....#...## ........
.g..#####........## ........
###.# +.......@#########.g..)..
### #.<......h.rlb.h.hhh.....
###.# #.........########g.#....
$##.############### ######..K....
....##.##..##.....# #.g.......?!.
##.g.....l.r..#r#####!....b......
#....#g.g.###.#.####.............
#.#.###...# #.#.##...g#.♣♣≈≈.....
....# ##....#.#......###≈P≈≈P....


You could see 2 jackals, a bat, a frilled lizard and a rat.

Vanquished Creatures
  A bat (D:1)
1 creature vanquished.

Vanquished Creatures (others)
  A plant (D:1)
1 creature vanquished.

Grand Total: 2 creatures vanquished

Notes
Turn   | Place    | Note
-------+----------+-------------------------------------------
     0 | D:1      | Shayle the Palentonga Necromancer began the quest for the
                  | Orb.
     0 | D:1      | Reached XP level 1. HP: 14/14 MP: 3/3
    89 | D:1      | Slain by a jackal

Illustrated notes

Levels and vault maps discovered:
D:1:      elethiomel_arrival_shortcut, layout_rooms, serial_bayou,
          serial_bayou_lagoon_a, serial_bayou_pond_b, serial_bayou_pond_c,
          serial_bayou_lagoon_b, serial_bayou_pond_c, serial_bayou_pond_e

Action                   || total
-------------------------++-------
Melee: Unarmed           ||     2
       Tailslap          ||     1
 Cast: Pain              ||     2
Armor: Robe              ||    33
Dodge: Dodged            ||    32

Table legend: (Time is in decaauts)
 A = Elapsed time spent in this place.
 B = Non-inter-level travel time spent in this place.
 C = Inter-level travel time spent in this place.
 D = Time resting spent in this place.
 E = Time spent auto-exploring this place.
 F = Levels seen in this place.
 G = Mean time per level.
                   A        B        C        D        E       F      G
               +--------+--------+--------+--------+--------+-----+--------+
         Total |     89 |     89 |      0 |      0 |      5 |   1 |   89.0 |
       Dungeon |     89 |     89 |      0 |      0 |      5 |   1 |   89.0 |
               +--------+--------+--------+--------+--------+-----+--------+

Top non-repeatable levels by time:
     D:1: 89 daAuts
